 Dungeon Crawl Stone Soup version 0.31.0-11-ge490571c62 (webtiles) character file.

Game seed: 8948875336683571322

77 qw the Shooter (level 4, -2/22 HPs)
             Began as a Spriggan Hunter on Feb 3, 2024.
             Slain by an ice beast (5 damage)
             ... on level 3 of the Dungeon.
             The game lasted 00:00:06 (1729 turns).

qw the Shooter (Spriggan Hunter)                    Turns: 1729, Time: 00:00:07

Health: -2/22      AC:  2    Str:  7    XL:     4   Next: 14%
Magic:  5/5        EV: 19    Int: 10    God:
Gold:   115        SH:  0    Dex: 20    Spells: 3/3 levels left

rFire   . . .        a - +0 shortbow
rCold   . . .        (shield currently unavailable)
rNeg    . . .        c - +0 robe
rPois   .            (helmet restricted)
rElec   .            (no cloak)
rCorr   .            (gloves unavailable)
SInv    +            (boots unavailable)
Will    .....        (no amulet)
Stlth   ++           (no ring)
HPRegen 0.23/turn    (no ring)
MPRegen 0.09/turn

%: no passive effects
@: very quick
A: very small, no large weapons, unfitting armour, see invisible, speed 3
a: no special abilities


You were on level 3 of the Dungeon.
You visited 1 branch of the dungeon, and saw 3 of its levels.

You collected 115 gold pieces.


Innate Abilities, Weirdness & Mutations

You are very small and have problems with some larger weapons.
You are too small for most types of armour.
You have supernaturally acute eyesight. (SInv)
You cover ground extremely quickly. (Speed+++)


   Skills:
 - Level 1.5 Fighting
 - Level 5.0 Ranged Weapons
 + Level 4.3 Dodging
 - Level 1.5 Stealth


You had 3 spell levels left.
You didn't know any spells.
Your spell library was empty.

Inventory:

Hand Weapons
 a - a +0 shortbow (weapon)
Armour
 c - a +0 robe (worn)
Scrolls
 b - 3 scrolls of identify
 e - a scroll of enchant weapon {unknown}
 g - a scroll of vulnerability {unknown}
Potions
 d - a potion of heal wounds {unknown}
 f - a potion of curing {unknown}

Dungeon Overview and Level Annotations

Branches:
Dungeon (3/15)

Altars:


Message History

You shoot an arrow.
The arrow hits the hobgoblin but does no damage.
The hobgoblin is almost dead.
The hobgoblin misses you. x2
A goblin comes into view. It is wielding a +0 dagger.
You shoot an arrow. The arrow closely misses the hobgoblin.
The hobgoblin hits you but does no damage.
You shoot an arrow. The arrow barely misses the hobgoblin.
The hobgoblin misses you.
You shoot an arrow.
The arrow completely misses the hobgoblin.
The arrow hits the goblin but does no damage.
The hobgoblin completely misses you.
You shoot an arrow. The arrow hits the hobgoblin!
You kill the hobgoblin!
You shoot an arrow. The arrow barely misses the ice beast.
The ice beast hits you. The ice beast freezes you.
You shoot an arrow. The arrow hits the ice beast.
The ice beast is lightly wounded.
The ice beast closely misses you. The ice beast misses you.
You shoot an arrow. The arrow hits the ice beast.
The ice beast is moderately wounded.
The ice beast completely misses you.
You shoot an arrow.
The arrow hits the ice beast but does no damage.
The ice beast is moderately wounded.
The ice beast misses you.
You shoot an arrow. The arrow hits the ice beast.
The ice beast is heavily wounded.
The ice beast misses you.
You shoot an arrow. The arrow closely misses the ice beast.
The ice beast completely misses you.
You shoot an arrow.
The arrow hits the ice beast but does no damage.
The ice beast is heavily wounded.
The ice beast hits you. The ice beast freezes you.
You shoot an arrow. The arrow hits the ice beast.
The ice beast is heavily wounded.
The ice beast misses you. The ice beast hits you. The ice beast freezes you.
You die...

#.# # #.#
. ## #.#
. #.. #.#
#
#.#.##.#
#....#.#
#..# #
#).# .
#@## #
.....gY##
#####.#
#. . ##


You could see an ice beast and a goblin.

Vanquished Creatures
  An adder (D:3)
  2 dart slugs (D:2)
  A ribbon worm (D:3)
  3 orcs
  4 ball pythons
  5 endoplasms
  5 giant cockroaches
  3 goblins
  2 hobgoblins
  5 jackals
  4 kobolds
  2 quokkas (D:1)
  7 bats
  5 frilled lizards
  4 rats
53 creatures vanquished.

Notes
Turn   | Place    | Note
-------+----------+-------------------------------------------
     0 | D:1      | qw the Spriggan Hunter began the quest for the Orb.
     0 | D:1      | Reached XP level 1. HP: 10/10 MP: 2/2
     0 | D:1      | 0 ||| qw: Version: 0.3-a-158-g18b3111
     0 | D:1      | 0 ||| qw: Game counter: 4070
     0 | D:1      | 0 ||| qw: Melee chars always use a shield: true
     0 | D:1      | 0 ||| qw: God list: Okawaru
     0 | D:1      | 0 ||| qw: Allow faded altars: false
     0 | D:1      | 0 ||| qw: Do Orc after clearing Dungeon:15 true
     0 | D:1      | 0 ||| qw: Do second Lair branch before Depths: true
     0 | D:1      | 0 ||| qw: Lair rune preference: random
     0 | D:1      | 0 ||| qw: Goals: Normal
     0 | D:1      | 0 ||| PLANNING D:1-11
    33 | D:1      | Reached skill level 3 in Dodging
   108 | D:1      | Reached XP level 2. HP: 14/14 MP: 3/3
   148 | D:1      | Found a faded altar of an unknown god.
   642 | D:1      | 642 ||| READING scroll labelled FYANWUCR RUYD.
   642 | D:1      | 642 ||| IDENTIFYING clear potion
   643 | D:1      | 643 ||| READING scroll labelled TAWNUOBEIG.
   647 | D:1      | 647 ||| DROPPING scroll of butterflies.
   648 | D:1      | 648 ||| DROPPING potion of lignification.
   653 | D:2      | Reached XP level 3. HP: 16/18 MP: 4/4
  1363 | D:2      | 1363 ||| READING scroll labelled TUC FAOKOIGE.
  1364 | D:2      | 1364 ||| READING scroll labelled VENIFE TIFF.
  1365 | D:2      | 1365 ||| READING scroll labelled HOMIED AHOU.
  1366 | D:2      | 1366 ||| READING scroll labelled SYNUCK ARIER.
  1374 | D:3      | Reached skill level 5 in Ranged Weapons
  1392 | D:3      | 1392 ||| RETREEEEATING.
  1393 | D:3      | 1393 ||| FLEEEEING.
  1394 | D:3      | 1394 ||| FLEEEEING.
  1395 | D:3      | 1395 ||| FLEEEEING.
  1396 | D:3      | 1396 ||| FLEEEEING.
  1397 | D:3      | 1397 ||| FLEEEEING.
  1400 | D:3      | 1400 ||| FLEEEEING.
  1401 | D:3      | 1401 ||| FLEEEEING.
  1402 | D:3      | 1402 ||| FLEEEEING.
  1404 | D:3      | 1404 ||| FLEEEEING.
  1405 | D:3      | 1405 ||| FLEEEEING.
  1406 | D:3      | 1406 ||| FLEEEEING.
  1407 | D:3      | 1407 ||| FLEEEEING.
  1410 | D:3      | 1410 ||| FLEEEEING.
  1411 | D:3      | 1411 ||| STAIRDANCE
  1424 | D:3      | 1424 ||| STAIRDANCE
  1485 | D:3      | Reached XP level 4. HP: 19/22 MP: 5/5
  1714 | D:3      | Noticed an ice beast
  1728 | D:3      | HP: 5/22 [ice beast (6)]
  1729 | D:3      | Slain by an ice beast

Levels and vault maps discovered:
D:1:      dpeg_arrival_orchard, layout_basic, ebering_ecumenical_altar_webs
D:2:      layout_loops_ring, serial_aquarium, aquarium_bridge_square
          [aquarium_subvault_wall, aquarium_subvault_wall,
          aquarium_subvault_window, aquarium_subvault_bridge],
          aquarium_window_1, aquarium_window_fake, aquarium_window_1,
          aquarium_view_2e, aquarium_balcony_3b, corexii_corridor_pit
D:3:      layout_loops_ring, serial_bayou_ford_a

Skill      XL: |  1  2  3 |
---------------+----------+-----
Dodging        | 3 4 |  4.3
Ranged Weapons | 5 |  5.0
Fighting       | |  1.5
Stealth        | |  1.5

Action                     |  1- 3 |  4- 6 || total
---------------------------+-------+-------++-------
   Fire: Shortbow          |   102 |    31 ||   133
    Use: Scroll            |     6 |       ||     6
 Armour: Robe              |    10 |     4 ||    14
  Dodge: Dodged            |    22 |    11 ||    33

Table legend:
 A = Non-vault XP
 B = Vault XP
 C = Vault XP percentage of total XP
 D = Non-vault monster count
 E = Vault monster count
 F = Vault count percentage of total count
                 A         B        C        D         E       F
            +---------+---------+-------+---------+---------+-------
      Total |     111 |       0 |   0.0 |      53 |       0 |   0.0
            +---------+---------+-------+---------+---------+-------
        D:1 |      39 |       0 |   0.0 |      24 |       0 |   0.0
        D:2 |      42 |       0 |   0.0 |      20 |       0 |   0.0
        D:3 |      30 |       0 |   0.0 |       9 |       0 |   0.0
            +---------+---------+-------+---------+---------+-------
